 Dungeon Crawl Stone Soup version 0.17.1-1-g73c8601 (webtiles) character file.

16767 Iskender the Bludgeoner (level 12, -12/109 HPs)
             Began as an Ogre Berserker on Jan 1, 2016.
             Was a High Priest of Trog.
             Mangled by a freezing wraith (20 damage)
             ... in an ice cave.
             The game lasted 01:19:01 (10259 turns).

Iskender the Bludgeoner (Ogre Berserker)           Turns: 10259, Time: 01:19:01

Health: -12/109    AC: 12    Str: 25    XL:     12   Next: 41%
Magic:  4/4        EV: 15    Int:  6    God:    Trog [*****.]
Gold:   626        SH:  0    Dex: 13    Spells: 0 memorised, 11 levels left

rFire  . . .     SeeInvis .     a - +3 dire flail (antimagic)
rCold  . . .     Clarity  .     Y - +0 troll leather armour
rNeg   . . .     SustAt   .     (shield currently unavailable)
rPois  .         Gourm    .     (helmet restricted)
rElec  .         Spirit   .     y - +1 cloak
rCorr  .         Warding  .     (gloves unavailable)
rMut   .         Stasis   .     (boots unavailable)
MR     +....                    (no amulet)
Stlth  +.........               F - +2 ring of evasion
                                j - +5 ring of protection

@: slowed, very slow, somewhat resistant to hostile enchantments, very
unstealthy
A: unfitting armour, tough skin 1
a: Berserk, Trog's Hand, Brothers in Arms, Burn Spellbooks, Renounce Religion


You were in an ice cave.
You worshipped Trog.
Trog was extremely pleased with you.
You were not hungry.

You visited 2 branches of the dungeon, and saw 13 of its levels.
You also visited: Sewer and Ice Cave.

You collected 850 gold pieces.
You spent 224 gold pieces at shops.

Inventory:

Hand Weapons
 a - a +3 antimagic dire flail (weapon)
 b - a +1 giant spiked club
 v - a +0 blowgun
Missiles
 o - 6 needles of paralysis
 I - 7 large rocks (quivered)
 X - 3 curare-tipped needles
Armour
 y - a +1 cloak (worn)
 K - a +1 animal skin
 Y - a +0 troll leather armour (worn)
Rods
 E - a +1 rod of the swarm (10/10)
   (You found it on level 3 of the Dungeon)
Jewellery
 j - a +5 ring of protection (left hand)
 q - an uncursed ring of sustain attributes
 F - a +2 ring of evasion (right hand)
Wands
 w - a wand of fire (0)
 L - a wand of fireball (0)
 R - a wand of paralysis (22)
 S - a wand of slowing (14)
 Z - a wand of lightning (9)
Scrolls
 e - 5 scrolls of teleportation
 h - 9 scrolls of remove curse
 p - 2 scrolls of immolation
 z - 2 scrolls of enchant weapon
 D - a scroll of blinking
 Q - a scroll of recharging
 T - a scroll of fear
Potions
 f - 2 potions of invisibility {unknown}
 g - a potion of cancellation
 i - 2 potions of degeneration {unknown}
 l - 4 potions of might {unknown}
 m - a potion of resistance
 t - 4 potions of curing
 u - a potion of magic {unknown}
 x - 3 potions of haste
 B - 3 potions of agility
 C - 4 potions of heal wounds {unknown}
 G - 3 potions of brilliance {unknown}
 H - a potion of flight
 O - a potion of beneficial mutation {unknown}
 P - a potion of lignification {unknown}
 V - 2 potions of poison {unknown}
Books
 r - a book of Burglary

   Spells                             Type                      Level
   a - Swiftness                      Charms/Air                   2
   b - Passwall                       Transmutation/Earth          3
   c - Passage of Golubria            Translocation                4
   d - Lee's Rapid Deconstruction     Earth                        5
   e - Darkness                       Hexes                        6
   f - Invisibility                   Hexes                        6
   Trog disapproves of the use of such an item.
 N - a book of the Warp

   Spells                             Type                      Level
   a - Recall                         Summoning/Translocation      3
   b - Gell's Gravitas                Hexes/Translocation          3
   c - Force Lance                    Conjuration/Translocation    4
   d - Phase Shift                    Translocation                5
   e - Warp Weapon                    Charms/Translocation         5
   f - Summon Forest                  Summoning/Translocation      5
   Trog disapproves of the use of such an item.
 W - a book of the Tempests

   Spells                             Type                      Level
   a - Static Discharge               Conjuration/Air              3
   b - Lightning Bolt                 Conjuration/Air              5
   c - Fireball                       Conjuration/Fire             5
   d - Tornado                        Air                          9
   e - Shatter                        Earth                        9
   Trog disapproves of the use of such an item.
Comestibles
 c - 7 bread rations
 d - 9 fruits
 k - 4 chunks of flesh
 n - 2 meat rations
 J - 2 beef jerkies


   Skills:
 - Level 4.4 Fighting
 - Level 18.5 Maces & Flails
 - Level 10.0 Throwing
 + Level 8.1 Dodging


You had 11 spell levels left.
You didn't know any spells.

Dungeon Overview and Level Annotations

Branches:
Dungeon (12/15)            Temple (1/1) D:4            Lair (0/8) D:11
    Orc (0/4) D:10

Altars:
Ashenzari
Cheibriados
Dithmenos
Elyvilon
Fedhas
Gozag
Kikubaaqudgha
Makhleb
Nemelex Xobeh
Okawaru
Qazlal
Ru
Sif Muna
Trog
Vehumet
Xom
Yredelemnul
Zin
The Shining One

Shops:
D:11 (:%[*   D:12 *

Annotations:
D:12 Fannar


Innate Abilities, Weirdness & Mutations

You are too large for most types of armour.
You have tough skin (AC +1).


Message History

You feel yourself slow down.
The freezing wraith hits you but does no damage.
The freezing wraith hits you! The freezing wraith drains your vigour!
You feel as though you will be slow longer.
You closely miss the freezing wraith.
The freezing wraith is almost destroyed.
The freezing wraith barely misses you. The freezing wraith misses you.
The freezing wraith hits you! The freezing wraith freezes you!
* * * LOW HITPOINT WARNING * * *
The freezing wraith hits you but does no damage.
The freezing wraith hits you but does no damage.
The freezing wraith hits you.
* * * LOW HITPOINT WARNING * * *
The freezing wraith drains your vigour!
You feel as though you will be slow longer.
* * * LOW HITPOINT WARNING * * *
The freezing wraith hits you!
* * * LOW HITPOINT WARNING * * *
The freezing wraith freezes you!!
You die...

####.............#
##...............##
##
##....###........##
..# #...###
###...#### ...#
#..## ##### #...#
#...# #...###..##
#...###..##
#...###@.##
#...W...# ###.W..##
######


You could see 2 freezing wraiths.

Vanquished Creatures
  Maud (D:11)
  Sonja (D:10)
  Nergalle (D:10)
  2 deep trolls (D:10)
  A hill giant (D:10)
  A centaur zombie (D:10)
  An ugly thing (D:9)
  Psyche (D:8)
  A gargoyle (D:10)
  8 trolls
  A spriggan (D:7)
  A deep elf mage (D:9)
  A deep elf fighter (D:11)
  A basilisk (D:11)
  14 yaks
  2 hungry ghosts
  A steam dragon (D:10)
  5 hippogriffs
  A soldier ant (D:10)
  11 ice beasts
  2 sky beasts
  The ghost of Flanowski the Sneak, an amateur VSAs (D:3)
  2 black bears
  A necrophage (D:9)
  2 phantoms
  3 ogres
  An alligator simulacrum (IceCv)
  An orc warrior (D:11)
  An eye of draining (D:11)
  3 centaurs
  3 crocodiles
  9 giant frogs
  A big kobold (Sewer)
  A gnoll sergeant (D:8)
  5 scorpions
  5 killer bees (D:9)
  A wyvern skeleton (D:10)
  2 electric eels (D:10)
  A giant frog zombie (D:11)
  4 jellies
  3 crimson imps
  3 centaur skeletons
  2 giant frog skeletons
  4 hounds
  Crazy Yiuf (D:5)
  Ijyb (D:3)
  2 orc priests
  12 worker ants
  3 iguanas
  A polar bear simulacrum (IceCv)
  A killer bee zombie (D:5)
  8 orc wizards
  2 hound skeletons
  3 worker ant zombies
  Robin (D:3)
  7 adders
  14 gnolls
  8 river rats
  A shadow imp (D:5)
  A white imp (IceCv)
  An ooze (D:2)
  An adder zombie (D:7)
  An adder skeleton (D:4)
  3 worms
  27 orcs
  6 ball pythons (Sewer)
  16 bats
  4 giant cockroaches
  13 goblins
  14 hobgoblins
  6 jackals
  3 quokkas
  4 giant geckos
  6 giant newts
  25 kobolds
  A quokka skeleton (D:5)
  A quokka zombie (D:7)
  39 rats
354 creatures vanquished.

Vanquished Creatures (collateral kills)
  4 ice beasts (IceCv)
  An elephant simulacrum (IceCv)
  A polar bear simulacrum (IceCv)
  4 white imps (IceCv)
10 creatures vanquished.

Vanquished Creatures (others)
  An orc wizard (D:4)
  4 orcs (D:4)
5 creatures vanquished.

Grand Total: 369 creatures vanquished

Notes
Turn   | Place    | Note
--------------------------------------------------------------
     0 | D:1      | Iskender the Ogre Berserker began the quest for the Orb.
     0 | D:1      | Reached XP level 1. HP: 24/24 MP: 1/1
   153 | D:1      | Reached XP level 2. HP: 29/32 MP: 2/2
   378 | D:1      | Reached skill level 5 in Maces & Flails
   639 | D:1      | Reached ** piety under Trog
   790 | D:2      | Reached XP level 3. HP: 39/39 MP: 3/3
   942 | D:2      | Reached skill level 6 in Maces & Flails
  1002 | D:2      | Found a radiant altar of Vehumet.
  1013 | D:2      | Reached XP level 4. HP: 45/48 MP: 4/4
  1334 | D:3      | Noticed Robin
  1483 | D:3      | Reached *** piety under Trog
  1547 | D:3      | Noticed Flanowski's ghost (amateur VSAs)
  1577 | D:3      | Found a glowing drain.
  1582 | Sewer    | Entered a sewer
  1633 | Sewer    | Reached skill level 1 in Throwing
  1692 | Sewer    | Reached XP level 5. HP: 39/54 MP: 5/5
  1774 | Sewer    | Noticed a big kobold
  1813 | Sewer    | Killed a big kobold
  1928 | Sewer    | Reached **** piety under Trog
  2211 | Sewer    | Reached skill level 7 in Maces & Flails
  2227 | Sewer    | Reached XP level 6. HP: 62/62 MP: 6/6
  2477 | D:3      | Received a gift from Trog
  2491 | D:3      | Killed Flanowski's ghost
  2491 | D:3      | Reached skill level 8 in Maces & Flails
  2499 | D:3      | Killed Robin
  2532 | D:3      | Identified a +1 rod of the swarm (10/10) (You found it on level 3 of the Dungeon)
  2547 | D:3      | Noticed Ijyb
  2553 | D:3      | Killed Ijyb
  2900 | D:4      | Found a glowing silver altar of Zin.
  2901 | D:4      | Found a shadowy altar of Dithmenos.
  2921 | D:4      | Reached XP level 7. HP: 63/70 MP: 7/7
  3294 | D:4      | Found a staircase to the Ecumenical Temple.
  3307 | Temple   | Entered the Ecumenical Temple
  3397 | D:4      | Reached skill level 9 in Maces & Flails
  3463 | D:4      | Found a glowing golden altar of the Shining One.
  3608 | D:4      | Found an opulent altar of Gozag.
  3755 | D:5      | Entered Level 5 of the Dungeon
  3760 | D:5      | Found a white marble altar of Elyvilon.
  3960 | D:5      | Noticed Crazy Yiuf
  3967 | D:5      | Killed Crazy Yiuf
  4107 | D:5      | Reached skill level 10 in Maces & Flails
  4249 | D:5      | Reached XP level 8. HP: 59/78 MP: 8/8
  4308 | D:5      | Found a burning altar of Makhleb.
  4308 | D:5      | Noticed a cacodemon
  4368 | D:5      | Reached skill level 11 in Maces & Flails
  4663 | D:6      | Reached ***** piety under Trog
  4887 | D:6      | Reached skill level 12 in Maces & Flails
  4918 | D:6      | Found a deep blue altar of Sif Muna.
  5328 | D:7      | Reached skill level 5 in Throwing
  5348 | D:7      | Reached XP level 9. HP: 64/84 MP: 9/9
  6184 | D:8      | Reached skill level 13 in Maces & Flails
  6307 | D:8      | Received a gift from Trog
  6407 | D:8      | Found a sacrificial altar of Ru.
  6749 | D:8      | Noticed Psyche
  6772 | D:8      | Killed Psyche
  6772 | D:8      | Reached skill level 14 in Maces & Flails
  6772 | D:8      | Reached XP level 10. HP: 79/92 MP: 10/10
  6964 | D:8      | Found a snail-covered altar of Cheibriados.
  6964 | D:8      | Found a sparkling altar of Nemelex Xobeh.
  7343 | D:9      | Reached skill level 5 in Dodging
  7491 | D:9      | Noticed a cyan ugly thing
  7508 | D:9      | Killed a cyan ugly thing
  8058 | D:9      | Received a gift from Trog
  8100 | D:10     | Entered Level 10 of the Dungeon
  8100 | D:10     | Noticed Sonja
  8260 | D:10     | Found a staircase to the Orcish Mines.
  8355 | D:9      | Reached skill level 15 in Maces & Flails
  8371 | D:10     | Reached XP level 11. HP: 76/101 MP: 3/11
  8393 | D:10     | Noticed Nergalle
  8410 | D:10     | Killed Nergalle
  8479 | D:10     | Reached skill level 16 in Maces & Flails
  8705 | D:10     | Killed Sonja
  8705 | D:10     | Reached skill level 17 in Maces & Flails
  8755 | D:10     | Noticed a hill giant
  8787 | D:10     | Killed a hill giant
  8894 | D:10     | Found a runed door.
  9057 | D:10     | Found a runed door.
  9129 | D:10     | Noticed a deep troll
  9129 | D:10     | Noticed a deep troll
  9136 | D:10     | Killed a deep troll
  9136 | D:10     | Reached skill level 18 in Maces & Flails
  9140 | D:10     | Killed a deep troll
  9402 | D:11     | Reached ****** piety under Trog
  9402 | D:11     | Received a gift from Trog
  9436 | D:11     | Found a staircase to the Lair.
  9441 | D:11     | Reached XP level 12. HP: 97/109 MP: 4/12
  9482 | D:11     | Found Juedugh's Antique Armour Emporium.
  9522 | D:11     | Found a deep blue altar of Sif Muna.
  9548 | D:11     | Noticed Maud
  9568 | D:11     | Killed Maud
  9664 | D:11     | Found Pile's Book Boutique.
  9713 | D:11     | Found Ipal's Antique Weapon Shop.
  9837 | D:11     | Found Qesaom's Food Shop.
  9996 | D:11     | Found a sacrificial altar of Ru.
 10045 | D:11     | Found Vaumn's General Store.
 10051 | D:11     | Bought a scroll of identify for 28 gold pieces
 10051 | D:11     | Bought a scroll of identify for 28 gold pieces
 10051 | D:11     | Bought a scroll of identify for 28 gold pieces
 10051 | D:11     | Bought a potion of haste for 140 gold pieces
 10079 | D:11     | Reached skill level 10 in Throwing
 10158 | D:12     | Found a frozen archway.
 10185 | D:12     | Found Bowayn's General Store.
 10189 | D:12     | Noticed Fannar
 10194 | IceCv    | Entered an ice cave
 10259 | IceCv    | Mangled by a freezing wraith

Action                   |  1- 3 |  4- 6 |  7- 9 | 10-12 || total
-------------------------+-------+-------+-------+-------++-------
Melee: Mace              |    56 |       |       |       ||    56
       Flail             |    35 |   175 |    24 |       ||   234
       Whip              |       |    86 |   353 |   138 ||   577
       Giant spiked club |       |       |    10 |    13 ||    23
       Dire flail        |       |       |       |   357 ||   357
 Fire: Blowgun           |       |     8 |    13 |    27 ||    48
Throw: Stone             |     8 |     9 |       |       ||    17
       Large rock        |       |       |     8 |    29 ||    37
       Tomahawk          |       |       |       |    12 ||    12
Invok: Berserk           |       |     1 |       |     4 ||     5
       Brothers in Arms  |       |       |       |     1 ||     1
Evoke: Wand              |       |       |       |     6 ||     6
  Use: Scroll            |       |     2 |     5 |    12 ||    19
       Potion            |       |       |       |     2 ||     2
 Stab: Sleeping          |       |       |     2 |       ||     2
  Eat: Chunk             |       |     7 |     9 |    17 ||    33
       Fruit             |       |     1 |     1 |       ||     2
       Bread ration      |       |       |     1 |       ||     1
       Royal jelly       |       |       |     1 |       ||     1
